 Dungeon Crawl Stone Soup version 0.23.2-11-gf996548c65 (webtiles) character file.

Game seed: 7176031181718007704

688 Gazerockf the Cudgeler (level 7, -5/66 HPs)
             Began as a Minotaur Berserker on June 4, 2019.
             Was a Believer of Trog.
             Slain by a worker ant (8 damage)
             ... on level 4 of the Dungeon.
             The game lasted 00:08:10 (3803 turns).

Gazerockf the Cudgeler (Minotaur Berserker)         Turns: 3803, Time: 00:08:11

Health: -5/66      AC:  3    Str: 22    XL:     7   Next: 36%
Magic:  6/6        EV: 12    Int:  4    God:    Trog [**....]
Gold:   190        SH:  0    Dex: 11    Spells: 6/6 levels left

rFire    . . .     SeeInvis .   k - +4 quarterstaff (chaos)
rCold    . . .     Gourm    .   (shield currently unavailable)
rNeg     . . .     Faith    .   b - +0 animal skin
rPois    .         Spirit   .   (helmet restricted)
rElec    .         Reflect  .   (no cloak)
rCorr    .         Harm     .   (no gloves)
MR       ++...                  B - +0 pair of boots
Stlth    ++........             (no amulet)
HPRegen  1.21/turn              (no ring)
MPRegen  0.10/turn              (no ring)

@: lethally poisoned (-5 -> -5), regenerating
A: retaliatory headbutt, horns 2
a: Berserk, Trog's Hand, Renounce Religion


You were on level 4 of the Dungeon.
You worshipped Trog.
Trog was pleased with you.
You were hungry.

You visited 1 branch of the dungeon, and saw 5 of its levels.

You collected 190 gold pieces.

Inventory:

Hand Weapons
 a - a +0 mace
 k - a +4 quarterstaff of chaos (weapon)
 l - a cursed -2 giant spiked club
 v - a +0 giant club
Missiles
 e - 5 javelins of penetration (quivered)
Armour
 b - a +0 animal skin (worn)
 n - a -1 scale mail
 B - a +0 pair of boots (worn)
Jewellery
 h - a cursed ring of teleportation
 s - an uncursed ring of protection from fire
 A - an uncursed ring of wizardry
Wands
 r - a wand of paralysis (5)
 y - a wand of iceblast (6)
 C - a wand of disintegration (12)
Scrolls
 m - 4 scrolls of identify
 o - a scroll of fog {unknown}
 q - a scroll of magic mapping
 u - a scroll of teleportation {unknown}
 x - a scroll of random uselessness {unknown}
 z - a scroll of remove curse
Potions
 d - 6 potions of heal wounds {unknown}
 f - 3 potions of mutation {unknown}
 g - a potion of ambrosia {unknown}
 i - 3 potions of curing {unknown}
 j - 2 potions of might {unknown}
 t - 2 potions of resistance {unknown}
 w - a potion of haste {unknown}
Comestibles
 c - 14 rations
 p - 3 chunks of flesh


   Skills:
 + Level 7.0 Fighting
 + Level 7.6(7.8) Maces & Flails
 - Level 2.3(5.3) Staves
 - Level 2.4 Armour
 - Level 2.1 Dodging
 - Level 1.5 Stealth


You had 6 spell levels left.
You didn't know any spells.
Your spell library was empty.

Dungeon Overview and Level Annotations

Branches:
Dungeon (5/15)
 Temple: D:4-7

Altars:
Dithmenos
Nemelex Xobeh


Innate Abilities, Weirdness & Mutations

You reflexively headbutt those who attack you in melee.
You have a pair of horns on your head.


Message History

The bullfrog skeleton hits you.
* * * LOW HITPOINT WARNING * * *
The worker ant bites you.
* * * LOW HITPOINT WARNING * * *
You are poisoned.
The worker ant poisons you!
You climb upwards.
Reactivating autopickup.
You feel sick.
There is a stone staircase leading down here.
You hit the worker ant. You burn the worker ant.
Your headbutt misses the worker ant.
The worker ant is moderately wounded.
You feel sick. The worker ant bites you.
* * * LOW HITPOINT WARNING * * *
Your skin crawls.
You feel resistant to hostile enchantments.
You are feeling hungry.
The worker ant bites you!
You die...

##........## ##........##
#..........# #####..........#
#..............# ###
#..............# ..##
#..............#
...############..a...........#
#...............@..........#.####
##.#######.[............###......
.>......###.............###......
...........(.##...........#......
......)[###.##..........#........
.......)##<.##.)........##.......
...............############......
........##.#.### #......
........#..#.# #......


You could see a worker ant.

Vanquished Creatures
  2 ogres
  Crazy Yiuf (D:2)
  3 hounds (D:4)
  2 orc wizards (D:5)
  Jessica (D:2)
  Natasha (twice) (D:2)
  3 worker ants (D:4)
  4 gnolls
  5 adders
  An ooze (D:4)
  An adder skeleton (D:4)
  3 worms
  7 dart slugs
  3 leopard geckos
  7 orcs
  9 bats
  5 giant cockroaches
  9 goblins
  6 hobgoblins
  3 jackals (D:1)
  2 quokkas
  5 frilled lizards
  4 kobolds
  10 rats
98 creatures vanquished.

Notes
Turn   | Place    | Note
-------+----------+-------------------------------------------
     0 | D:1      | Gazerockf the Minotaur Berserker began the quest for the
                  | Orb.
     0 | D:1      | Reached XP level 1. HP: 19/19 MP: 0/0
    61 | D:1      | Reached XP level 2. HP: 24/27 MP: 1/1
   316 | D:1      | Found a sparkling altar of Nemelex Xobeh.
   349 | D:1      | Reached XP level 3. HP: 26/34 MP: 2/2
   647 | D:2      | Noticed Jessica
   941 | D:2      | Killed Jessica
   941 | D:2      | Reached skill level 5 in Fighting
   941 | D:2      | Reached XP level 4. HP: 41/42 MP: 3/3
   961 | D:2      | Noticed an ogre
   968 | D:2      | Killed an ogre
   968 | D:2      | Reached skill level 5 in Maces & Flails
   968 | D:2      | Reached XP level 5. HP: 50/50 MP: 4/4
  1103 | D:2      | Reached ** piety under Trog
  1117 | D:2      | Found a runed translucent door.
  1123 | D:2      | Noticed Crazy Yiuf
  1466 | D:2      | Noticed Natasha
  1475 | D:2      | Killed Natasha
  1837 | D:2      | Killed Crazy Yiuf
  2019 | D:2      | Noticed Natasha
  2025 | D:2      | Killed Natasha
  2025 | D:2      | Reached XP level 6. HP: 46/57 MP: 5/5
  2305 | D:3      | Found a shadowy altar of Dithmenos.
  2371 | D:3      | Reached skill level 1 in Stealth
  2661 | D:4      | Reached skill level 1 in Staves
  3027 | D:4      | HP: 1/58 [gnoll/+0 spear (4)]
  3416 | D:4      | Reached XP level 7. HP: 59/64 MP: 6/6
  3720 | D:5      | Entered Level 5 of the Dungeon
  3802 | D:4      | HP: 2/66 [worker ant (2)]
  3803 | D:4      | Slain by a worker ant

Skill      XL: |  1  2  3  4  5  6  7 |
---------------+----------------------+-----
Fighting       | 4 5 6 7 |  7.0
Maces & Flails | 4 5 6 7 |  7.6
Stealth        | 1 |  1.5
Staves         | 2 |  2.3
Armour         | |  2.4
Dodging        | |  2.1

Action                   |  1- 3 |  4- 6 |  7- 9 || total
-------------------------+-------+-------+-------++-------
Melee: Mace              |    46 |    61 |       ||   107
       Headbutt          |     9 |    23 |     6 ||    38
       Quarterstaff      |       |    55 |    34 ||    89
Invok: Trog's Hand       |       |       |     1 ||     1
  Use: Scroll            |       |     4 |     1 ||     5
 Stab: Petrifying        |       |     1 |       ||     1
       Sleeping          |       |       |     1 ||     1
  Eat: Chunk             |       |     7 |     2 ||     9
Armor: Animal skin       |     6 |    15 |     3 ||    24
       Scale mail        |       |     2 |       ||     2
Dodge: Dodged            |    30 |    92 |    23 ||   145
